 Dungeon Crawl Stone Soup version 0.20-a0-910-gb611367 (webtiles) character file.

200 FrankyJ the Grave Robber (level 5, -3/42 HPs)
             Began as a Deep Dwarf Necromancer on Mar 22, 2017.
             Was an Initiate of Makhleb.
             Slain by a worker ant (5 damage)
             ... on level 5 of the Dungeon on Mar 23, 2017.
             The game lasted 00:34:32 (8004 turns).

FrankyJ the Grave Robber (Deep Dwarf Necromancer)   Turns: 8004, Time: 00:34:33

Health: -3/42      AC:  2    Str: 12    XL:     5   Next: 49%
Magic:  7/11       EV: 14    Int: 16    God:    Makhleb [......]
Gold:   143        SH:  0    Dex: 13    Spells: 4/12 levels left

rFire    . . .     SeeInvis .   j - +1 dagger (venom)
rCold    . . .     Gourm    .   a - +0 robe
rNeg     . . .     Faith    .   (no shield)
rPois    .         Spirit   .   (no helmet)
rElec    .         Reflect  .   (no cloak)
rCorr    .         Harm     .   (no gloves)
MR       .....                  (no boots)
Stlth    ++........             (no amulet)
Regen    0.0/turn               (no ring)
MPRegen  0.2/turn               (no ring)

@: lethally poisoned (-3 -> -3), non-regenerating
A: damage resistance, heal wounds, sense surroundings 1, no regeneration
a: Heal Wounds, Renounce Religion


You were on level 5 of the Dungeon.
You worshipped Makhleb.
Makhleb was noncommittal.
You were not hungry.

You visited 2 branches of the dungeon, and saw 6 of its levels.

You collected 143 gold pieces.

Inventory:

Hand Weapons
 j - a +1 dagger of venom (weapon)
 l - a cursed -1 rapier
 p - a +0 blowgun
Missiles
 q - 39 poisoned needles
Armour
 a - a +0 robe (worn)
 y - the +1 robe of Sext {rF+ Stlth+, unknown}
   (You found it on level 4 of the Dungeon)

   It protects you from fire.
   It makes you more stealthy.
Jewellery
 o - an uncursed ring of fire {unknown}
 D - a +3 ring of protection {unknown}
Scrolls
 d - 6 scrolls of teleportation {unknown}
 e - 3 scrolls of remove curse {unknown}
 i - 3 scrolls of identify {unknown}
 m - a scroll of enchant armour {unknown}
 n - a scroll of noise {unknown}
 s - a scroll of blinking {unknown}
 u - a scroll of fog {unknown}
 x - a scroll of magic mapping {unknown}
 z - a scroll of enchant weapon {unknown}
 B - a scroll of immolation {unknown}
Potions
 g - a potion of brilliance {unknown}
 h - 2 potions of might
 t - a potion of experience {unknown}
 w - 2 potions of mutation {unknown}
 A - 2 potions of agility {unknown}
Books
 b - a book of Necromancy

   Spells                             Type                      Level
   a - Pain                           Necromancy                   1
   b - Animate Skeleton               Necromancy                   1
   c - Vampiric Draining              Necromancy                   3
   d - Regeneration                   Charms/Necromancy            3
   e - Animate Dead                   Necromancy                   4
   f - Control Undead                 Necromancy                   4
 k - a book of Callings

   Spells                             Type                      Level
   a - Summon Small Mammal            Summoning                    1
   b - Call Imp                       Summoning                    2
   c - Call Canine Familiar           Summoning                    3
   d - Summon Guardian Golem          Hexes/Summoning              3
   e - Summon Lightning Spire         Summoning/Air                4
   f - Summon Ice Beast               Ice/Summoning                4
Comestibles
 c - 3 bread rations
 f - 10 fruits
 r - a royal jelly


   Skills:
 - Level 4.1 Dodging
 + Level 2.4 Stealth
 - Level 4.0 Spellcasting
 - Level 4.3 Necromancy


You had 4 spell levels left.
You knew the following spells:

 Your Spells              Type           Power        Failure   Level  Hunger
a - Pain                  Necr           ###.         3%          1    None
b - Vampiric Draining     Necr           ###.......   12%         3    ###....
c - Control Undead        Necr           ###.......   34%         4    ####...


Dungeon Overview and Level Annotations

Branches:
Dungeon (5/15)             Temple (1/1) D:4

Altars:
Cheibriados
Elyvilon
Makhleb
Nemelex Xobeh
Okawaru
Qazlal
Vehumet
Xom
Yredelemnul
The Shining One


Innate Abilities, Weirdness & Mutations

You are resistant to damage.
You can heal yourself by infusing magical energy.
You passively map a small area around you.
You do not regenerate.


Message History

You throw a tomahawk.
The tomahawk hits the worker ant but does no damage.
The worker ant is lightly wounded.
Casting: Control Undead
Confirm with . or Enter, or press ? or * to list all spells.
Aiming: Pain
Press: ? - help, Shift-Dir - straight line, f/p - worker ant
Aim: a worker ant (lightly wounded, chance to defeat MR: 82%)
The worker ant writhes in agony!
Casting: Pain
Confirm with . or Enter, or press ? or * to list all spells.
Aiming: Vampiric Draining
Press: ? - help, Shift-Dir - straight line, f/p - worker ant
Aim: a worker ant (lightly wounded)
The worker ant is heavily wounded.
You feel life coursing into your body. The worker ant bites you.
* * * LOW HITPOINT WARNING * * *
You are poisoned.
The worker ant poisons you! The worker ant bites you.
You die...

, , , , ,
,, , ,, ,
* **
######## ,
#.@....#*
* #.a....#
*
#........#
,
#$(.......
*
#........#
#(.....###
#(.....#
#......# ,


You could see a worker ant.

Vanquished Creatures
  An orc wizard (D:3)
  5 adders
  3 oozes
  2 worms
  4 dart slugs
  3 leopard geckos
  6 orcs
  2 bats
  6 giant cockroaches
  A gnoll zombie (D:3)
  10 goblins
  9 hobgoblins
  4 jackals
  14 kobolds
  2 quokkas (D:2)
  5 frilled lizards
  12 rats
89 creatures vanquished.

Vanquished Creatures (collateral kills)
  2 orcs (D:4)
  A gnoll zombie (D:3)
3 creatures vanquished.

Vanquished Creatures (others)
  A plant (D:4)
1 creature vanquished.

Grand Total: 93 creatures vanquished

Notes
Turn   | Place    | Note
-------+----------+-------------------------------------------
     0 | D:1      | FrankyJ the Deep Dwarf Necromancer began the quest for the Orb.
     0 | D:1      | Reached XP level 1. HP: 15/15 MP: 3/3
   381 | D:1      | Reached XP level 2. HP: 2/22 MP: 0/5
  1364 | D:1      | HP: 1/22 [hobgoblin/club (1)]
  1766 | D:1      | Reached XP level 3. HP: 13/28 MP: 3/6
  2367 | D:2      | Learned a level 3 spell: Vampiric Draining
  3092 | D:2      | Reached XP level 4. HP: 36/36 MP: 7/7
  4524 | D:3      | Noticed a phantom
  5061 | D:3      | Learned a level 4 spell: Control Undead
  5141 | D:3      | Reached XP level 5. HP: 37/42 MP: 1/10
  5548 | D:3      | Found a basalt altar of Yredelemnul.
  5691 | D:3      | Upgraded the game from 0.20-a0-909-g1a4ba80 to 0.20-a0-910-gb611367
  6442 | D:4      | Got an ichor-stained robe
  6826 | D:4      | Found a staircase to the Ecumenical Temple.
  6835 | Temple   | Entered the Ecumenical Temple
  6966 | Temple   | Became a worshipper of Makhleb the Destroyer
  7198 | D:4      | Noticed a phantom
  7999 | D:5      | Entered Level 5 of the Dungeon
  8004 | D:5      | HP: 2/42 [worker ant (4)]
  8004 | D:5      | Slain by a worker ant

Vault maps used:
D:1:      dpeg_arrival_prison
D:2:      bh_chokoban
D:3:      lemuel_zombie_altar_yredelemnul
D:4:      minmay_temple_entry_junction, serial_bayou, serial_bayou_pond_e,
          serial_bayou_ford_a, serial_bayou_pond_b, serial_bayou_shore_a,
          serial_bayou_pond_a, serial_bayou_shore_b
D:5:      nicolae_overflow_hidden_temple, first_bread
Temple:   nicolae_temple_figure_zero

Skill      XL: |  1  2  3  4  5 |
---------------+----------------+-----
Spellcasting   | 2 3 4 |  4.0
Dodging        | 3 4 |  4.1
Stealth        | |  2.4
Necromancy     | |  4.3

Action                   |  1- 3 |  4- 6 || total
-------------------------+-------+-------++-------
Melee: Unarmed           |    38 |       ||    38
       Dagger            |    10 |   100 ||   110
Throw: Tomahawk          |       |     3 ||     3
 Cast: Pain              |    52 |    28 ||    80
       Vampiric Draining |     8 |    27 ||    35
       Control Undead    |       |     9 ||     9
  Use: Potion            |     1 |     1 ||     2
 Stab: Sleeping          |     2 |     2 ||     4
  Eat: Chunk             |     9 |    16 ||    25
       Fruit             |       |     2 ||     2
       Meat ration       |       |     1 ||     1
Armor: Robe              |    15 |     9 ||    24
Dodge: Dodged            |    64 |   109 ||   173
